 Dungeon Crawl Stone Soup version 0.27-a0-920-gb2bd10914a (webtiles) character file.

Game seed: 4652770942726594395

33 Lanoc the Grasshopper (level 3, 0/35 HPs)
             Began as a Troll Warper on Apr 9, 2021.
             Was a Follower of Nemelex Xobeh.
             Slain by an adder (3 damage)
             ... on level 2 of the Dungeon.
             The game lasted 00:01:26 (703 turns).

Lanoc the Grasshopper (Troll Warper)                 Turns: 703, Time: 00:01:26

Health: 0/35       AC:  4    Str: 19    XL:     3   Next: 12%
Magic:  3/3        EV: 10    Int:  9    God:    Nemelex Xobeh [*.....]
Gold:   15         SH:  0    Dex: 10    Spells: 4/4 levels left

rFire    . . .     SeeInvis .   (no weapon)
rCold    . . .     Faith    .   (no shield)
rNeg     . . .     Spirit   .   b - +0 robe
rPois    .         Reflect  .   (helmet restricted)
rElec    .         Harm     .   (no cloak)
rCorr    .         Rampage  .   (gloves unavailable)
Will     .....                  (boots unavailable)
Stlth    +.........             (no amulet)
HPRegen  1.11/turn              (no ring)
MPRegen  0.08/turn              (no ring)

@: hasted, very quick
A: large, unfitting armour, claws 3, regeneration 1, shaggy fur 1, tough skin 1
a: Renounce Religion, Draw Escape, Draw Destruction, Draw Summoning


You were on level 2 of the Dungeon.
You worshipped Nemelex Xobeh.
Nemelex Xobeh was aware of your devotion.
You visited 1 branch of the dungeon, and saw 2 of its levels.

You collected 15 gold pieces.

Inventory:

Armour
 b - a +0 robe (worn)
Scrolls
 c - a scroll of magic mapping {unknown}
 d - a scroll of blinking
 f - a scroll of noise {unknown}
 g - a scroll of fog {unknown}


   Skills:
 + Level 2.0 Fighting
 - Level 1.5 Polearms
 - Level 0.8 Throwing
 + Level 2.2 Dodging
 - Level 1.2 Spellcasting
 - Level 2.5 Translocations
 * Level 0.7 Invocations


You had 4 spell levels left.
You didn't know any spells.
Your spell library contained the following spells:

 Spells                   Type           Power      Damage    Failure   Level
 Blink                    Tloc           N/A        N/A       19%         2
 Gell's Gravitas          Tloc           2%         N/A       36%         3
 Lesser Beckoning         Tloc           2%         N/A       36%         3
 Teleport Other           Tloc           5%         N/A       36%         3
 Manifold Assault         Tloc           5%         N/A       98%         5


Dungeon Overview and Level Annotations

Branches:
Dungeon (2/15)

Altars:
Nemelex Xobeh


Innate Abilities, Weirdness & Mutations

You are too large for most types of armour.
You have claws for hands.
Your natural rate of healing is unusually fast.
You are covered in fur. (AC +1)
You have tough skin. (AC +1)


Message History

Aim: an adder (lightly wounded, 35% to hit)
You throw a boomerang of dispersal.
The boomerang of dispersal misses the adder.
You feel sick. The adder misses you.
Throw: 3 boomerangs (disperse)
Press: ? - help, Q - select action, (/) - cycle Shift-Dir - straight line, f/p - adder
Aim: an adder (lightly wounded, 35% to hit)
You throw a boomerang of dispersal.
The boomerang of dispersal misses the adder.
You feel sick. The adder bites you but does no damage.
The adder barely misses you.
Throw: 2 boomerangs (disperse)
Press: ? - help, Q - select action, (/) - cycle Shift-Dir - straight line, f/p - adder
Aim: an adder (lightly wounded, 35% to hit)
You throw a boomerang of dispersal.
The boomerang of dispersal hits the adder.
The adder blinks!
The adder is moderately wounded.
You feel sick.
Throw: boomerang (disperse)
Press: ? - help, Q - select action, (/) - cycle Shift-Dir - straight line, f/p - adder
Aim: an adder (moderately wounded, 35% to hit)
You throw a boomerang of dispersal.
The boomerang of dispersal closely misses the adder.
You feel sick.
You barely miss the adder.
The adder is moderately wounded.
You feel sick. The adder bites you but does no damage.
You barely miss the adder.
The adder is moderately wounded.
You scratch the adder.
The adder is heavily wounded.
You feel sick. The adder barely misses you.
You scratch the adder.
The adder is severely wounded.
You feel sick.
You are no longer poisoned.
The adder bites you.
You die...
Your body glows slightly and disappears.

... .... ..
..... ..## .....
..###.....
#####..#......
#.............
#............?
#.....<.......
#....S@.#.....
#......## ....
.........†......
###!.....#......
###..###....##
#.## ...# ..
...# ..# ..# ###
###


You could see an adder.

Vanquished Creatures
  An adder (D:2)
  A dart slug (D:1)
  2 giant cockroaches (D:1)
  2 goblins (D:1)
  3 hobgoblins (D:1)
  2 jackals (D:1)
  2 kobolds (D:1)
  A quokka (D:1)
  2 ball pythons (D:1)
  2 bats (D:1)
  3 rats (D:1)
21 creatures vanquished.

Notes
Turn   | Place    | Note
-------+----------+-------------------------------------------
     0 | D:1      | Lanoc the Troll Warper began the quest for the Orb.
     0 | D:1      | Reached XP level 1. HP: 19/19 MP: 1/1
   246 | D:1      | Reached XP level 2. HP: 28/28 MP: 2/2
   460 | D:1      | Found a faded altar of an unknown god.
   466 | D:1      | Became a worshipper of Nemelex Xobeh the Trickster
   466 | D:1      | Reached * piety under Nemelex Xobeh
   466 | D:1      | Received a gift from Nemelex Xobeh
   689 | D:2      | Reached XP level 3. HP: 15/35 MP: 3/3
   703 | D:2      | Slain by an adder

Illustrated notes

Levels and vault maps discovered:
D:1:      lemuel_arrival_muddy, layout_loops_ring, basic_ecumenical_altar,
          chequers_serial_rivers_small_a, hex_tiny
D:2:      layout_rooms

Skill      XL: |  1  2 |
---------------+-------+-----
Dodging        | 2 |  2.2
Fighting       | 2 |  2.0
Polearms       | |  1.5
Throwing       | |  0.8
Spellcasting   | |  1.2
Translocations | |  2.5
Invocations    | |  0.7

Action                   || total
-------------------------++-------
Melee: Spear             ||    63
       Unarmed           ||    37
Throw: Boomerang         ||     5
  Use: Potion            ||     1
 Stab: Sleeping          ||     1
Armor: Robe              ||    33
Dodge: Dodged            ||    48

Table legend: (Time is in decaauts)
 A = Elapsed time spent in this place.
 B = Non-inter-level travel time spent in this place.
 C = Inter-level travel time spent in this place.
 D = Time resting spent in this place.
 E = Time spent auto-exploring this place.
 F = Levels seen in this place.
 G = Mean time per level.
                   A        B        C        D        E       F      G
               +--------+--------+--------+--------+--------+-----+--------+
         Total |    704 |    701 |      3 |      0 |    531 |   2 |  352.0 |
       Dungeon |    704 |    701 |      3 |      0 |    531 |   2 |  352.0 |
               +--------+--------+--------+--------+--------+-----+--------+

Top non-repeatable levels by time:
     D:1: 674 daAuts
     D:2: 29 daAuts
